 Dungeon Crawl Stone Soup version 0.26-a0-639-g72c4674329 (webtiles) character file.

Game seed: 7615357273983371876

9 MrRokkomies the Sneak (level 1, -4/18 HPs)
             Began as a Demigod Delver on Sept 16, 2020.
             Slain by a centaur
             ... wielding a cursed -3 shortbow
              (7 damage)
             ... on level 5 of the Dungeon.
             The game lasted 00:00:13 (27 turns).

MrRokkomies the Sneak (Demigod Delver)                Turns: 27, Time: 00:00:14

Health: -4/18      AC:  3    Str: 15    XL:     1   Next: 86%
Magic:  0/0        EV: 12    Int: 14    God:
Gold:   0          SH:  0    Dex: 24    Spells: 0/0 levels left

rFire    . . .     SeeInvis .   h - +10 flail of Extinguishment {speed, rPois MP-9 Dex+7}
rCold    . . .     Faith    .   (no shield)
rNeg     . . .     Spirit   .   b - +0 leather armour
rPois    +         Reflect  .   (no helmet)
rElec    .         Harm     .   (no cloak)
rCorr    .         Rampage  .   (no gloves)
MR       .....                  (no boots)
Stlth    +++.......             (no amulet)
HPRegen  0.06/turn              (no ring)
MPRegen  0.07/turn              (no ring)

@: no status effects
A: high mp 1
a: no special abilities


You were on level 5 of the Dungeon.
You visited 1 branch of the dungeon, and saw 1 of its levels.

Inventory:

Hand Weapons
 a - a +0 falchion
 h - the +10 flail of Extinguishment (weapon) {speed, rPois MP-9 Dex+7}
   (You found it on level 5 of the Dungeon)

   Attacks with this weapon are significantly faster.
   It affects your dexterity (+7).
   It protects you from poison.
   It affects your magic capacity (-9).
Armour
 b - a +0 leather armour (worn)
Wands
 g - a wand of digging (3)
Scrolls
 c - a scroll of fog
 d - a scroll of magic mapping
 e - a scroll of fear
Potions
 f - a potion of haste


   Skills:
 + Level 2.7 Fighting
 + Level 1.8 Long Blades
 + Level 1.8 Dodging
 + Level 4.8 Stealth


You couldn't memorise any spells.
You didn't know any spells.
Your spell library was empty.

Dungeon Overview and Level Annotations

Branches:
Dungeon (5/15)
 Temple: D:4-7


Innate Abilities, Weirdness & Mutations

You have an increased reservoir of magic. (+10% MP)


Message History

Found a ring mail.
Found a slimy flail.
The adder closely misses you.
You riposte.
You miss the adder.
A white imp comes into view.
The centaur shoots an arrow.
The arrow hits you.
Things that are here:
an arrow; a slimy flail
h - a slimy flail The adder barely misses you.
You riposte.
You hit the adder but do no damage. The adder bites you.
* * * LOW HITPOINT WARNING * * *
You feel your magic capacity decrease.
You feel agile.
Your hands tingle!
h - the +10 flail of Extinguishment (weapon)
{speed, rPois MP-9 Dex+7} You sock the adder!
You kill the adder!
The white imp shouts!
You hear a shout!
The centaur hits you with a cursed -3 shortbow!
You die...

#.. #.5 ...
# ...
.##.###
......
#.#.#######
#...@.....#
####c#####.#
...#.....#
........)#
#..#+##.##
......#.#
#....#.#
###h..#.#
........#


You could see a centaur and a white imp.

Vanquished Creatures
  An adder (D:5)
1 creature vanquished.

Notes
Turn   | Place    | Note
-------+----------+-------------------------------------------
     0 | D:5      | MrRokkomies the Demigod Delver began the quest for the Orb.
     0 | D:5      | Reached XP level 1. HP: 18/18 MP: 3/3
     8 | D:5      | Noticed a centaur
    12 | D:5      | Noticed a howler monkey
    25 | D:5      | Got a slimy flail
    26 | D:5      | Identified the +10 flail of Extinguishment {speed, rPois
                  | MP-9 Dex+7} (You found it on level 5 of the Dungeon)
    27 | D:5      | Slain by a centaur

Illustrated notes

Levels and vault maps discovered:
D:5:      layout_basic, cheibrodos_worm_habitat, nicolae_ru_awakened_eye,
          gammafunk_temple_overflow_elements, serial_shops, shop

Action                   || total
-------------------------++-------
Melee: Flail             ||     1
Dodge: Dodged            ||     2
       Rpst.: Falchion   ||     2

Table legend: (Time is in decaauts)
 A = Elapsed time spent in this place.
 B = Non-inter-level travel time spent in this place.
 C = Inter-level travel time spent in this place.
 D = Time resting spent in this place.
 E = Time spent auto-exploring this place.
 F = Levels seen in this place.
 G = Mean time per level.
                   A        B        C        D        E       F      G
               +--------+--------+--------+--------+--------+-----+--------+
         Total |     26 |     26 |      0 |      0 |      8 |   1 |   26.0 |
       Dungeon |     26 |     26 |      0 |      0 |      8 |   1 |   26.0 |
               +--------+--------+--------+--------+--------+-----+--------+

Top non-repeatable levels by time:
     D:5: 26 daAuts
